AoeStats
← GS_JL

Glade

510544515Analyzed
1v1 RM · 15h ago on Oct 1, 2026· 32m 51s· 2 players
Game mode
Random Map
Map size
Tiny (2 player)
Population
200
Speed
Normal
Resources
Standard
Victory
Conquest
Starting age
Dark Age
Ending age
Imperial Age
RankedLock teamsTeams togetherTeam positionsShared explorationLock speedFull tech treeHidden civsTurbo modeCheats
Victory
Defeat
🇰🇿 Slavs · Kazakhstan
717
+15
🇦🇷 Sicilians · Argentina
704
-15
Federico III538
4:49 Loom
5:58 Loom
11:39 Feudal Age
18:39 Stone Mining
GS_JL
7:18 Loom
10:12 Feudal Age
11:19 Double-Bit Axe
19:00 Man-at-Arms
22:28 Forging
23:23 Scale Barding Armor
29:32 Castle Age
28:06 Scale Barding Armor
28:05 Scale Mail Armor
31:52 Scale Barding Armor
Connection lost

Rejoining the realm…

Still unreachable

The connection could not be restored.

Session expired

The server has moved on; the page needs a fresh start.